 Dungeon Crawl Stone Soup version 0.26-a0-1126-g3318b609a0 (webtiles) character file.

Game seed: 905777587897583886

0 jasper the Stinger (level 1, 0/14 HPs)
             Began as a Palentonga Venom Mage on Dec 17, 2020.
             Slain by a hobgoblin
             ... wielding a cursed +0 club
              (5 damage)
             ... on level 1 of the Dungeon.
             The game lasted 00:00:25 (39 turns).

jasper the Stinger (Palentonga Venom Mage)            Turns: 39, Time: 00:00:26

Health: 0/14       AC:  4    Str: 11    XL:     1   Next: 0%
Magic:  0/3        EV: 10    Int: 15    God:
Gold:   0          SH:  0    Dex: 10    Spells: 3/4 levels left

rFire    . . .     SeeInvis +   (no weapon)
rCold    . . .     Faith    .   (no shield)
rNeg     . . .     Spirit   .   a - +0 robe
rPois    .         Reflect  .   (no helmet)
rElec    .         Harm     .   (no cloak)
rCorr    .         Rampage  .   (no gloves)
Will     .....                  (no barding)
Stlth    +.........             (no amulet)
HPRegen  0.04/turn              (no ring)
MPRegen  0.08/turn              (no ring)

@: no status effects
A: large, rugged brown scales 3, see invisible, deformed body, roll 1, armoured
tail
a: Rolling Charge


You were on level 1 of the Dungeon.
You visited 1 branch of the dungeon, and saw 1 of its levels.

Inventory:

Missiles
 b - 15 stones
Armour
 a - a +0 robe (worn)


   Skills:
 - Level 1.5 Dodging
 - Level 1.2 Stealth
 - Level 2.0 Spellcasting
 + Level 1.0 Transmutations
 + Level 2.4 Poison Magic


You had 3 spell levels left.
You knew the following spells:

 Your Spells              Type           Power        Failure   Level
a - Sting                 Tmut/Pois      24%          11%         1

Your spell library contained the following spells:

 Spells                   Type           Power        Failure   Level
 Poisonous Vapours        Pois/Air       10%          21%         2
 Ignite Poison            Fire/Tmut/Pois 4%           38%         3
 Mephitic Cloud           Conj/Pois/Air  3%           43%         3
 Olgreb's Toxic Radiance  Pois           8%           63%         4


Dungeon Overview and Level Annotations

Branches:
Dungeon (1/15)

Altars:


Innate Abilities, Weirdness & Mutations

You are completely covered in rugged brown scales. (AC +3, +7% HP)
You have supernaturally acute eyesight. (SInv)
Armour fits poorly on your strangely shaped body.
You can roll at nearby foes to attack.
You have a long armoured tail.


Message History

The hobgoblin hits you but does no damage.
You barely miss the hobgoblin.
The hobgoblin is severely wounded.
The hobgoblin looks more healthy.
The hobgoblin hits you but does no damage.
You closely miss the hobgoblin.
The hobgoblin is almost dead.
The hobgoblin hits you with a cursed +0 club.
You take 6 damage, and have 5/14 hp.
MASSIVE DAMAGE!!
Casting: Sting (safe; 11% risk of failure)
Confirm with . or Enter, or press ? or * to list all spells.
Aiming: Sting (safe; 11% risk of failure)
Press: ? - help, Shift-Dir - straight line, f/p - hobgoblin
Aim: a hobgoblin, wielding a +0 club (almost dead, 32% to evade)
The sting hits the hobgoblin but does no damage.
The hobgoblin is poisoned.
The hobgoblin is almost dead.
You now have 0/3 mp.
The hobgoblin hits you with a cursed +0 club.
You die...

..# ..# ###
###..##
##≈###....≈##
##≈P≈##...≈♣≈# .
#≈P⌠P≈≈≈≈≈♣⌠♣≈.#
##.≈........♣≈..#
#...≈...<...≈...#
#.@≈♣.......♣≈.#
#g≈♣⌠♣≈≈≈≈≈♣⌠♣
#g#≈♣≈>....≈♣≈.
#.##≈.......≈..#
#.###.#.#.#...(.
#...g.#.#.#......
#####.#...#......
#.########### #g#


You could see a hobgoblin (poisoned) and a goblin.

Vanquished Creatures
  A toadstool (D:1)
1 creature vanquished.

Notes
Turn   | Place    | Note
-------+----------+-------------------------------------------
     0 | D:1      | jasper the Palentonga Venom Mage began the quest for the
                  | Orb.
     0 | D:1      | Reached XP level 1. HP: 14/14 MP: 3/3
    39 | D:1      | Slain by a hobgoblin

Illustrated notes

Levels and vault maps discovered:
D:1:      ldierk_water_garden, layout_basic

Action                   || total
-------------------------++-------
Melee: Unarmed           ||     5
 Cast: Sting             ||     3
Armor: Robe              ||     3
Dodge: Dodged            ||     1

Table legend: (Time is in decaauts)
 A = Elapsed time spent in this place.
 B = Non-inter-level travel time spent in this place.
 C = Inter-level travel time spent in this place.
 D = Time resting spent in this place.
 E = Time spent auto-exploring this place.
 F = Levels seen in this place.
 G = Mean time per level.
                   A        B        C        D        E       F      G
               +--------+--------+--------+--------+--------+-----+--------+
         Total |     39 |     39 |      0 |      0 |     10 |   1 |   39.0 |
       Dungeon |     39 |     39 |      0 |      0 |     10 |   1 |   39.0 |
               +--------+--------+--------+--------+--------+-----+--------+

Top non-repeatable levels by time:
     D:1: 39 daAuts
